Map: Interloper LE

Players

Nerchio - Winner!

  • Race: Zerg Zerg
  • Spawn Location: 5:00

Cham

  • Race: Zerg Zerg
  • Spawn Location: 11:00

Event: WCS Montreal 2017

VOD

Have the link to the VOD?

Description

Time

  • Played on: Sept. 9, 2017, 11:54 a.m.
  • Length: 4:14

All games in this series

Show
View Real Time Build Order
Export as new Build Order

Nerchio Zerg - Winner!

Build Orders: 1 Base Baneling Bust, Pool Only, Zergling Baneling 

Get SALT Encoding   

  12  0:00  Drone  
  13  0:14  Extractor  
  12  0:24  Spawning Pool  
  11  0:28  Drone  
  11  0:33  Drone  
  13  0:39  Drone  
  14  0:50  Overlord  
  14  1:11  Queen, Zergling x2  
  17  1:19  Metabolic Boost  
  17  1:24  Zergling x2  
  18  1:30  Zergling x2  
  19  1:33  Zergling x2  
  20  1:43  Baneling Nest  
  19  1:48  Zergling x2  
  19  1:52  Zergling x2  
  21  2:00  Overlord  
  21  2:07  Zergling x2  
  22  2:18  Zergling x2  
  22  2:19  Zergling x2  
  22  2:20  Zergling x2  
  25  2:25  Zergling x2  
  26  2:34  Baneling x4  
  25  2:39  Zergling x2  
  26  2:47  Baneling x2  
  26  2:48  Zergling x2  
  27  2:54  Zergling x2  
  28  3:04  Zergling x4  
  30  3:05  Baneling  
  27  3:15  Zergling x2  
  27  3:16  Zergling x2  
  27  3:20  Baneling  
  27  3:22  Zergling x2  
  27  3:26  Baneling  
  28  3:31  Zergling x2  
  27  3:34  Zergling x2  
  27  3:37  Zergling x2  
  27  3:39  Baneling  
  28  3:46  Zergling x2  
  28  3:53  Zergling x2  
  28  3:55  Zergling x2  
Show
View Real Time Build Order
Export as new Build Order

Cham Zerg 

Build Orders: Hatch First 

Get SALT Encoding   

  12  0:00  Drone  
  13  0:10  Drone  
  14  0:17  Overlord  
  14  0:36  Drone x2  
  14  0:37  Drone  
  17  0:53  Hatchery  
  16  1:05  Spawning Pool  
  16  1:08  Drone  
  16  1:12  Drone  
  16  1:14  Extractor  
  16  1:18  Drone  
  16  1:22  Drone  
  18  1:34  Drone  
  19  1:53  Queen  
  19  1:54  Overlord  
  21  2:03  Zergling x2  
  21  2:04  Queen  
  21  2:05  Zergling x4  
  26  2:13  Metabolic Boost  
  26  2:18  Spine Crawler  
  26  2:19  Zergling x2  
  26  2:22  Zergling x2  
  27  2:28  Zergling x2  
  27  2:37  Zergling x2  
  27  2:38  Zergling x4  
  30  2:50  Queen  
  32  2:54  Zergling x4  
  32  3:12  Zergling x4  
  32  3:19  Queen  
  29  3:25  Baneling Nest  
  24  3:35  Zergling x2  
  24  3:36  Queen  
  24  3:41  Zergling x2  
  27  3:47  Zergling x4  
  27  3:48  Zergling x2  
  27  3:52  Zergling x2  
Tags
 
Add a new tag
Caveats
  • Supply blocks, unpowered buildings, or Contaminate may cause inaccurate times.
  • Supply counts are checked every 10 seconds.